 Dungeon Crawl Stone Soup version 0.26.1-15-g04117e645d (webtiles) character file.

Game seed: 14850169430383595652

88 Froggeryz the Cutter (level 4, -2/31 HPs)
             Began as an Octopode Berserker on May 5, 2022.
             Was a Believer of Trog.
             Splashed by a kobold's acid (14 damage)
             ... on level 3 of the Dungeon.
             The game lasted 00:01:16 (2363 turns).

Froggeryz the Cutter (Octopode Berserker)           Turns: 2363, Time: 00:01:17

Health: -2/31      AC: -3    Str: 16    XL:     4   Next: 54%
Magic:  4/4        EV: 14    Int:  9    God:    Trog [**....]
Gold:   133        SH:  0    Dex: 12    Spells: 3/3 levels left

rFire    . . .     SeeInvis .   a - +0 short sword
rCold    . . .     Faith    .   (no shield)
rNeg     . . .     Spirit   .   (helmet restricted)
rPois    .         Reflect  .   (no amulet)
rElec    .         Harm     .   (no ring)
rCorr    .         Rampage  .   (no ring)
Will     .....                  (no ring)
Stlth    +++.......             (no ring)
HPRegen  0.10/turn              (no ring)
MPRegen  0.09/turn              (no ring)
                                (no ring)
                                (no ring)

@: corroded
A: almost no armour, stealthy swim, amphibious, 8 rings, constrict 8, camouflage
1, gelatinous body 1
a: Renounce Religion, Berserk, Trog's Hand


You were on level 3 of the Dungeon.
You worshipped Trog.
Trog was pleased with you.
You visited 1 branch of the dungeon, and saw 3 of its levels.

You collected 133 gold pieces.

Inventory:

Hand Weapons
 a - a +0 short sword (weapon)
Missiles
 h - 20 poisoned darts
Armour
 g - a cursed +0 kite shield
Jewellery
 b - an uncursed ring of protection from fire {unknown}
 m - a +4 ring of slaying {unknown}
Scrolls
 e - a scroll of remove curse {unknown}
 f - 3 scrolls of identify {unknown}
 k - 4 scrolls of teleportation {unknown}
 p - a scroll of amnesia {unknown}
Potions
 c - a potion of might {unknown}
 d - 3 potions of lignification {unknown}
 i - a potion of flight {unknown}
 j - a potion of brilliance {unknown}
 l - a potion of degeneration {unknown}
 n - a potion of haste {unknown}
 o - 2 potions of attraction {unknown}


   Skills:
 - Level 3.0 Fighting
 * Level 4.5 Short Blades
 - Level 3.0 Dodging
 - Level 1.4 Stealth
 + Level 1.7 Shields


You had 3 spell levels left.
You didn't know any spells.
Your spell library was empty.

Dungeon Overview and Level Annotations

Branches:
Dungeon (3/15)

Altars:
Ru


Innate Abilities, Weirdness & Mutations

You cannot wear most types of armour.
You are very stealthy in the water. (Stealth+)
You are amphibious.
You can wear up to eight rings at the same time.
You can use your tentacles to constrict eight enemies at once.
Your skin changes colour to match your surroundings (Stealth+).
Your rubbery body absorbs attacks. (AC +1, EV +1)


Message History

A kobold comes into view.
It is wielding a +2 short sword of protection.
The kobold shouts!
You hear a shout!
A kobold is nearby!
A kobold comes into view. It is carrying a wand of acid (11).
Found a stone staircase leading up.
The kobold shouts!
The kobold hits you with a +2 short sword of protection.
You barely miss the kobold. Your grab misses the kobold.
You barely miss the kobold. You grab the kobold. You constrict the kobold.
The kobold completely misses you.
You barely miss the kobold.
The kobold is moderately wounded.
You constrict the kobold. The kobold hits you but does no damage.
The kobold zaps a wand.
The bolt of acid hits the kobold!!
The kobold is splashed with acid.
The acid corrodes the kobold!
The kobold dies!
The bolt of acid hits you!
Ouch! That really hurt!
The acid corrodes you!
You are splashed with acid!
You die...

#.# #.......# #.#
#.......# #.#
###.......# #.#
.........# #.# #.......#
#.#### #.......# #.##.##
.##.#.......#####.#<..##
......)@................
....K...###.#####.....##
###.#..## #.# ##.#.##
#...< #.# #.### ###.#
#.# #.# .. #.# #.# ##.
..# #.##### .# ###
#.#.... #.#.###


You could see a kobold.

Vanquished Creatures
  3 adders
  2 worms (D:2)
  3 dart slugs
  2 leopard geckos
  6 giant cockroaches
  4 goblins
  7 hobgoblins
  7 kobolds
  3 bats (D:1)
  5 frilled lizards
  10 rats
52 creatures vanquished.

Vanquished Creatures (others)
  A kobold (D:3)
1 creature vanquished.

Grand Total: 53 creatures vanquished

Notes
Turn   | Place    | Note
-------+----------+-------------------------------------------
     0 | D:1      | Froggeryz the Octopode Berserker began the quest for the
                  | Orb.
     0 | D:1      | Reached XP level 1. HP: 16/16 MP: 1/1
   110 | D:1      | Reached skill level 1 in Stealth
   114 | D:1      | Reached XP level 2. HP: 16/21 MP: 2/2
   754 | D:1      | Reached XP level 3. HP: 26/26 MP: 3/3
  1332 | D:2      | Reached ** piety under Trog
  1333 | D:2      | Reached skill level 4 in Short Blades
  1333 | D:2      | Reached skill level 1 in Shields
  1498 | D:2      | Reached XP level 4. HP: 31/31 MP: 4/4
  1503 | D:2      | Found a sacrificial altar of Ru.
  2363 | D:3      | Splashed by a kobold's acid

Illustrated notes

Levels and vault maps discovered:
D:1:      roderic_dead_forest, layout_loops_corners, minmay_misc_feat_rugged
D:2:      layout_rooms, nicolae_ru_awakened_eye
D:3:      layout_loops_corners, nzn_wu_jian_contemplation, uniq_robin

Skill      XL: |  1  2  3 |
---------------+----------+-----
Stealth        | 1 |  1.4
Short Blades   | 4 |  4.5
Shields        | 1 |  1.7
Fighting       | |  3.0
Dodging        | |  3.0

Action                   |  1- 3 |  4- 6 || total
-------------------------+-------+-------++-------
Melee: Short sword       |    65 |    39 ||   104
       Constrict         |    19 |    10 ||    29
       Tentacles         |    12 |     3 ||    15
 Stab: Sleeping          |     8 |     4 ||    12
Armor: Skin              |       |     2 ||     2
Dodge: Dodged            |    33 |    20 ||    53
